 Dungeon Crawl Stone Soup version 0.29-a0-925-g0a7a3d12f8 (webtiles) character file.

Game seed: 11067506851888722875

5 ragingrage the Charlatan (level 1, 0/12 HPs)
             Began as a Gargoyle Artificer on July 28, 2022.
             Frozen to death by an endoplasm (5 damage)
             ... on level 1 of the Dungeon.
             The game lasted 00:00:16 (65 turns).

ragingrage the Charlatan (Gargoyle Artificer)         Turns: 65, Time: 00:00:17

Health: 0/12       AC:  5    Str: 15    XL:     1   Next: 80%
Magic:  1/1        EV: 11    Int: 11    God:
Gold:   6          SH:  0    Dex: 10    Spells: 0/0 levels left

rFire   . . .      SeeInvis .   a - +0 club
rCold   . . .      Faith    .   (no shield)
rNeg    + . .      Spirit   .   b - +0 leather armour
rPois   ∞          Reflect  .   (no helmet)
rElec   +          Harm     .   (no cloak)
rCorr   .          Rampage  .   (no gloves)
Will    .....                   (no boots)
Stlth   +.........              (no amulet)
HPRegen 0.04/turn               (no ring)
MPRegen 0.07/turn               (no ring)

@: no status effects
A: sickness immunity, AC +2, negative energy resistance 1, electricity
resistance, torment resistance 1, petrification resistance
a: no special abilities


You were on level 1 of the Dungeon.
You visited 1 branch of the dungeon, and saw 1 of its levels.

You collected 6 gold pieces.

Inventory:

Hand Weapons
 a - a +0 club (weapon)
Armour
 b - a +0 leather armour (worn)
Wands
 c - a wand of flame (15) (quivered)
 d - a wand of charming (15)
 e - a wand of iceblast (9)


   Skills:
 + Level 1.5 Fighting
 - Level 2.1 Armour
 - Level 0.7 Dodging
 - Level 1.1 Stealth
 + Level 2.9 Evocations


You couldn't memorise any spells.
You didn't know any spells.
Your spell library was empty.

Dungeon Overview and Level Annotations

Branches:
Dungeon (1/15)

Altars:


Innate Abilities, Weirdness & Mutations

You are immune to sickness and miasma.
Your stone body is resilient. (AC +2)
You are immune to poison.
You resist negative energy. (rN+)
You are resistant to electric shocks. (rElec)
You are resistant to unholy torment.
You are immune to petrification.


Message History

The jackal barely misses you.
You closely miss the jackal.
The jackal is moderately wounded.
The jackal bites you but does no damage.
The jackal closely misses you.
You hit the jackal but do no damage.
The jackal is moderately wounded.
The jackal closely misses you.
The jackal bites you but does no damage.
You closely miss the jackal.
The jackal is moderately wounded.
The jackal bites you but does no damage.
The jackal barely misses you.
You hit the jackal.
You kill the jackal!
The ball python bites you but does no damage.
The ball python barely misses you.
You hit the ball python.
The ball python is heavily wounded.
The ball python bites you. The ball python barely misses you.
You barely miss the ball python.
The ball python is heavily wounded.
The ball python bites you but does no damage.
The ball python grabs you. The ball python constricts you.
The ball python barely misses you. The ball python constricts you.
You hit the ball python.
You kill the ball python!
Things that are here:
a jackal corpse; a jackal corpse; a giant cockroach corpse An endoplasm comes into view.
Found 11 gold pieces.
The endoplasm quivers.
You hit the endoplasm but do no damage. The endoplasm freezes you.
You are frozen.
You hit the endoplasm.
The endoplasm is almost dead.
The endoplasm freezes you.
You are frozen.
You die...

###+#.. $......
....... .......
# ....... .#
.......##+#.# #
.......J....#..
.......@..(...#
...........####
#######........
#.#####.###
#.#≈≈≈♣≈♣≈≈ #
#.#≈)P(..♣ ≈#
#†#≈PPP.♣♣ .≈#
#.#≈.P...♣..≈#
#.#♣.......♣♣#.


You could see an endoplasm.

Vanquished Creatures
  A ball python (D:1)
  A giant cockroach (D:1)
  2 jackals (D:1)
4 creatures vanquished.

Notes
Turn   | Place    | Note
-------+----------+-------------------------------------------
     0 | D:1      | ragingrage the Gargoyle Artificer began the quest for the
                  | Orb.
     0 | D:1      | Reached XP level 1. HP: 12/12 MP: 1/1
    65 | D:1      | Frozen to death by an endoplasm

Illustrated notes

Levels and vault maps discovered:
D:1:      ldierk_walled_garden, layout_basic, basic_ecumenical_altar,
          serial_shops, shop

Action                   || total
-------------------------++-------
Melee: Club              ||    19
Armor: Leather armour    ||    10
Dodge: Dodged            ||    16

Table legend: (Time is in decaauts)
 A = Elapsed time spent in this place.
 B = Non-inter-level travel time spent in this place.
 C = Inter-level travel time spent in this place.
 D = Time resting spent in this place.
 E = Time spent auto-exploring this place.
 F = Levels seen in this place.
 G = Mean time per level.
                   A        B        C        D        E       F      G
               +--------+--------+--------+--------+--------+-----+--------+
         Total |     71 |     71 |      0 |      0 |     11 |   1 |   71.0 |
       Dungeon |     71 |     71 |      0 |      0 |     11 |   1 |   71.0 |
               +--------+--------+--------+--------+--------+-----+--------+

Top non-repeatable levels by time:
     D:1: 71 daAuts
